 Dungeon Crawl Stone Soup version 0.29.0-11-gd7f09526c8 (webtiles) character file.

Game seed: 6147883827782269470

176 themarg the Prestidigitator (level 5, -3/30 (37) HPs)
             Began as a Gnoll Wanderer on Sept 2, 2022.
             Slain by a necrophage (6 damage)
             ... on level 4 of the Dungeon.
             The game lasted 00:09:53 (3868 turns).

themarg the Prestidigitator (Gnoll Wanderer)        Turns: 3868, Time: 00:09:54

HP:   -3/30 (37)    AC:  4    Str: 13    XL:     5   Next: 56%
MP:   7/7           EV: 12    Int: 11    God:
Gold: 143           SH:  0    Dex: 12    Spells: 7/7 levels left

rFire   . . .      SeeInvis .   s - +2 dagger (drain)
rCold   . . .      Faith    .   (no shield)
rNeg    . . .      Spirit   .   e - +0 robe
rPois   .          Reflect  .   (no helmet)
rElec   .          Harm     .   c - +0 cloak
rCorr   .          Rampage  .   (no gloves)
Will    .....                   o - +0 pair of boots
Stlth   +++.......              (no amulet)
HPRegen 0.10/turn               (no ring)
MPRegen 0.10/turn               (no ring)

@: heavily drained
A: fangs 1, strong nose, distributed training
a: no special abilities


You were on level 4 of the Dungeon.
You visited 1 branch of the dungeon, and saw 4 of its levels.

You collected 143 gold pieces.

Inventory:

Hand Weapons
 k - a +1 dagger of venom
 s - a +2 dagger of draining (weapon)
Missiles
 f - 6 poisoned darts
Armour
 c - a +0 cloak (worn)
 e - a +0 robe (worn)
 o - a +0 pair of boots (worn)
Jewellery
 l - a ring of willpower
Wands
 u - a wand of flame (23)
Scrolls
 a - a scroll of immolation {unknown}
 d - 2 scrolls of blinking
 g - 5 scrolls of fog {unknown}
 m - 3 scrolls of identify {unknown}
 p - 2 scrolls of teleportation {unknown}
 r - a scroll of noise {unknown}
 v - a scroll of enchant weapon {unknown}
 w - a scroll of torment {unknown}
Potions
 h - a potion of haste {unknown}
 i - a potion of might {unknown}
 j - a potion of heal wounds {unknown}
 n - a potion of invisibility {unknown}
 q - 3 potions of degeneration {unknown}
 t - a potion of attraction {unknown}
Miscellaneous
 b - a box of beasts (quivered)


   Skills:
 + Level 1.6 Fighting
 + Level 1.6 Short Blades
 + Level 1.6 Long Blades
 + Level 1.6 Axes
 + Level 3.0 Maces & Flails
 + Level 1.6 Polearms
 + Level 1.6 Staves
 + Level 1.6 Ranged Weapons
 + Level 1.6 Throwing
 + Level 1.6 Armour
 + Level 3.0 Dodging
 + Level 6.2 Stealth
 + Level 1.6 Shields
 + Level 1.6 Unarmed Combat
 + Level 1.6 Spellcasting
 + Level 1.3 Conjurations
 + Level 1.3 Hexes
 + Level 1.3 Summonings
 + Level 1.3 Necromancy
 + Level 1.3 Translocations
 + Level 1.3 Transmutations
 + Level 1.3 Fire Magic
 + Level 1.3 Ice Magic
 + Level 1.3 Air Magic
 + Level 1.3 Earth Magic
 + Level 1.3 Poison Magic
 + Level 1.8 Invocations
 + Level 10.5 Evocations


You had 7 spell levels left.
You didn't know any spells.
Your spell library contained the following spells:

 Spells                   Type           Power      Damage    Failure   Level
 Chain Lightning          Conj/Air       1%         3d2       100%        9
 Fire Storm               Conj/Fire      1%         8d1       100%        9
 Shatter                  Erth           1%         3d6*      100%        9


Dungeon Overview and Level Annotations

Branches:
Dungeon (4/15)
 Temple: D:4-7

Altars:
Cheibriados
Kikubaaqudgha

Shops:
D:1 (*(([


Innate Abilities, Weirdness & Mutations

You have very sharp teeth.
Your uncanny sense of smell can sniff out nearby items.
Your experience applies equally to all skills.


Message History

You bite the necrophage, but do no damage.
The necrophage is moderately damaged.
The necrophage barely misses you.
You hit the necrophage.
The necrophage is moderately damaged.
The necrophage hits you.
You hit the necrophage.
The necrophage is heavily damaged.
The necrophage hits you.
You feel drained.
You hit the necrophage.
The necrophage is heavily damaged.
The necrophage hits you.
You feel drained.
You hit the necrophage.
The necrophage is severely damaged.
The necrophage hits you but does no damage.
You barely miss the necrophage.
The necrophage is severely damaged.
The necrophage hits you.
You barely miss the necrophage. Your bite misses the necrophage.
The necrophage is severely damaged.
The necrophage hits you.
You feel drained.
You hit the necrophage.
The necrophage is severely damaged.
The necrophage hits you.
* * * LOW HITPOINT WARNING * * *
You feel drained.
* * * LOW HITPOINT WARNING * * *
You closely miss the necrophage. Your punch misses the necrophage.
The necrophage is severely damaged.
The necrophage hits you.
* * * LOW HITPOINT WARNING * * *
You feel drained.
* * * LOW HITPOINT WARNING * * *
The necrophage attacks as you move away!
The necrophage hits you but does no damage.
The necrophage attacks as you move away!
The necrophage barely misses you.
The necrophage attacks as you move away!
The necrophage hits you.
You die...

#.#..#.#####
...........#
...........# ########
.....$n....# #......#
..........l# #.##.###
...........# #.##.#
...........# #.##.#
#.#############.##.#
#...).....n@†...##.#
#.........############.#
#.........# #<# #.#
#.........# #.# #.#
#......#### #.# #.#
#......# #.# #.#
......(.# #.#####.#
##......# ∆ #.......#
#########


You could see a necrophage.

Vanquished Creatures
  A jelly (D:2)
  An orc wizard (D:3)
  4 adders
  2 worms
  2 dart slugs (D:1)
  5 orcs
  7 ball pythons
  3 endoplasms
  3 giant cockroaches
  3 goblins
  4 hobgoblins
  4 jackals (D:2)
  2 quokkas
  10 bats
  4 frilled lizards
  6 kobolds
  5 rats
66 creatures vanquished.

Vanquished Creatures (collateral kills)
  A quokka (D:1)
1 creature vanquished.

Grand Total: 67 creatures vanquished

Notes
Turn   | Place    | Note
-------+----------+-------------------------------------------
     0 | D:1      | Reached skill level 10 in Evocations
     0 | D:1      | themarg the Gnoll Wanderer began the quest for the Orb.
     0 | D:1      | themarg set off with the following items: a +0 mace, a box
                  | of beasts, a +0 cloak, a scroll of blinking, a +0 robe.
     0 | D:1      | Reached XP level 1. HP: 13/13 MP: 1/1
    69 | D:1      | Found Fessoj's Weapon Shoppe.
   137 | D:1      | Reached XP level 2. HP: 19/19 MP: 2/2
   182 | D:1      | Found Moqy's Antique Weapon Shop.
   428 | D:1      | Found Yzisyjoy's General Store.
   546 | D:1      | HP: 1/20 [quokka (4)]
  1113 | D:1      | Found Amacza's Antique Weapon Emporium.
  1195 | D:1      | Found a faded altar of an unknown god.
  1401 | D:1      | Reached XP level 3. HP: 13/25 MP: 3/3
  1556 | D:1      | Found Jimunlu's Armour Shop.
  1871 | D:2      | Reached skill level 1 in Invocations
  1969 | D:2      | Reached skill level 1 in Fighting
  1969 | D:2      | Reached skill level 1 in Short Blades
  1969 | D:2      | Reached skill level 1 in Long Blades
  1969 | D:2      | Reached skill level 1 in Axes
  1969 | D:2      | Reached skill level 1 in Polearms
  1969 | D:2      | Reached skill level 1 in Staves
  1969 | D:2      | Reached skill level 1 in Ranged Weapons
  1969 | D:2      | Reached skill level 1 in Throwing
  1969 | D:2      | Reached skill level 1 in Armour
  1969 | D:2      | Reached skill level 1 in Shields
  1969 | D:2      | Reached skill level 1 in Unarmed Combat
  1969 | D:2      | Reached skill level 1 in Spellcasting
  2118 | D:2      | Reached XP level 4. HP: 32/32 MP: 5/5
  2277 | D:2      | Identified the +1 flail of Ilangouzu {speed, rN+ Str+3
                  | SInv}
  2412 | D:2      | Reached skill level 1 in Conjurations
  2412 | D:2      | Reached skill level 1 in Hexes
  2412 | D:2      | Reached skill level 1 in Summonings
  2412 | D:2      | Reached skill level 1 in Necromancy
  2412 | D:2      | Reached skill level 1 in Translocations
  2412 | D:2      | Reached skill level 1 in Transmutations
  2412 | D:2      | Reached skill level 1 in Fire Magic
  2412 | D:2      | Reached skill level 1 in Ice Magic
  2412 | D:2      | Reached skill level 1 in Air Magic
  2412 | D:2      | Reached skill level 1 in Earth Magic
  2412 | D:2      | Reached skill level 1 in Poison Magic
  2965 | D:3      | Reached XP level 5. HP: 35/37 MP: 7/7
  3407 | D:3      | Found a large runed translucent door.
  3407 | D:3      | Found a large runed translucent door.
  3459 | D:3      | Found an ancient bone altar of Kikubaaqudgha.
  3466 | D:3      | Found a snail-covered altar of Cheibriados.
  3868 | D:4      | Slain by a necrophage

Illustrated notes

Levels and vault maps discovered:
D:1:      onia_arrival_pentagram, layout_basic,
          dilly_ecumenical_altar_fadedgnrine, serial_shops,
          nicolae_shop_overgrown_old_shop, nicolae_square_shop,
          nicolae_shop_behind_doors, shop, shop
D:2:      layout_basic
D:3:      layout_rooms, jmf_multi_god_temple2, serial_rivers,
          chequers_serial_rivers_micro_c, chequers_serial_rivers_large_a,
          chequers_serial_rivers_micro_c, chequers_serial_rivers_marsh,
          chequers_serial_rivers_small_a, minmay_misc_feat_rugged,
          minmay_misc_feat_iff, minmay_misc_feat_roman, minmay_surrounded
D:4:      layout_basic, mainiacjoe_overflow_catwalk

Skill      XL: |  1  2  3  4  5 |
---------------+----------------+-----
Evocations     | | 10.5
Stealth        | 6 |  6.2
Invocations    | 1 |  1.8
Fighting       | 1 |  1.6
Short Blades   | 1 |  1.6
Long Blades    | 1 |  1.6
Axes           | 1 |  1.6
Polearms       | 1 |  1.6
Staves         | 1 |  1.6
Ranged Weapons | 1 |  1.6
Throwing       | 1 |  1.6
Armour         | 1 |  1.6
Shields        | 1 |  1.6
Unarmed Combat | 1 |  1.6
Spellcasting   | 1 |  1.6
Conjurations   | 1 |  1.3
Hexes          | 1 |  1.3
Summonings     | 1 |  1.3
Necromancy     | 1 |  1.3
Translocations | 1 |  1.3
Transmutations | 1 |  1.3
Fire Magic     | 1 |  1.3
Ice Magic      | 1 |  1.3
Air Magic      | 1 |  1.3
Earth Magic    | 1 |  1.3
Poison Magic   | 1 |  1.3
Maces & Flails | 3 |  3.0
Dodging        | 3 |  3.0

Action                   |  1- 3 |  4- 6 || total
-------------------------+-------+-------++-------
Melee: Mace              |    91 |       ||    91
       Bite              |     9 |     8 ||    17
       Punch             |     2 |     2 ||     4
       Dagger            |    47 |    92 ||   139
Evoke: Box of beasts     |     1 |       ||     1
 Stab: Sleeping          |     8 |     7 ||    15
       Distracted        |     2 |       ||     2
Armor: Robe              |    64 |    22 ||    86
Dodge: Dodged            |   136 |    40 ||   176
